AoeStats
← CaptainThomas

MegaRandom

503376952Analyzed
1v1 RM · 1mo ago on Aug 31, 2026· 46m 25s· 2 players
Game mode
Random Map
Map size
Tiny (2 player)
Population
200
Speed
Normal
Resources
Standard
Victory
Conquest
Starting age
Dark Age
Ending age
Imperial Age
RankedLock teamsTeams togetherTeam positionsShared explorationLock speedFull tech treeHidden civsTurbo modeCheats
Victory
Defeat
1668
+16
🇫🇷 Persians · France
1668
-16
Nachhaltigkeitsmanagement
0:27 Loom
9:15 Feudal Age
9:18 Man-at-Arms
9:46 Double-Bit Axe
11:31 Horse Collar
14:09 Wheelbarrow
18:28 Castle Age
17:17 Forging
18:15 Scale Barding Armor
19:08 Bloodlines
19:28 Bow Saw
24:21 Scale Mail Armor
25:19 Squires
27:25 Chain Mail Armor
27:59 Gold Mining
28:14 Heavy Plow
29:20 Hand Cart
28:50 Town Watch
29:57 Arson
30:33 Arson
35:55 Imperial Age
34:18 Iron Casting
33:36 Fletching
33:47 Padded Archer Armor
36:25 Bodkin Arrow
36:52 Ballistics
36:17 Elite Skirmisher
36:29 Elite Fire Lancer
38:05 Plate Mail Armor
38:27 Thumb Ring
39:24 Chemistry
38:35 Masonry
39:41 Blast Furnace
38:42 Bracer
39:32 Leather Archer Armor
40:22 Conscription
40:41 Chain Barding Armor
42:51 Ring Archer Armor
41:50 Light Cavalry
42:31 Husbandry
45:26 Plate Barding Armor
44:15 Cavalier
CaptainThomas
7:25 Loom
9:11 Feudal Age
18:06 Wheelbarrow
20:48 Castle Age
18:55 Double-Bit Axe
19:11 Horse Collar
20:03 Bloodlines
21:32 Scale Barding Armor
22:24 Forging
26:16 Wheelbarrow
27:18 Gold Mining
27:32 Heavy Plow
28:14 Chain Barding Armor
28:38 Husbandry
29:51 Iron Casting
35:03 Imperial Age
33:32 Gold Shaft Mining
33:24 Bow Saw
33:59 Fletching
36:53 Plate Barding Armor
35:44 Cavalier
37:51 Bodkin Arrow
40:07 Chemistry
40:57 Blast Furnace
41:28 Hand Cart
Connection lost

Rejoining the realm…

Still unreachable

The connection could not be restored.

Session expired

The server has moved on; the page needs a fresh start.